| TOP OF THE 1ST |
|
Brooklyn Cyclones batting - Pitching for Cincinnati (NYP) Reds : LHP Andres Lobato
|
|
Pitching: LHP Andres Lobato
|
|
|
Batting: LHB Elmo Dreier
|
0-0: Foul Ball, location: 2F 0-1: Called Strike 0-2: Ball 1-2: Strikes out looking
|
|
Batting: SHB Callum Lynch
|
0-0: Called Strike 0-1: Ball 1-1: Ground out U3 (Groundball, 3, EV 101.9 MPH)
|
|
Pitching: RHP Jaime Kijowski
|
|
|
Batting: RHB Ryan Marler
|
0-0: Foul Ball, location: 2F 0-1: Swinging Strike 0-2: Ball 1-2: Strikes out swinging
|
| Top of the 1st over - 0 runs, 0 hits, 0 errors, 0 left on base; Brooklyn 0 - Cincinnati (NYP) 0 |
| BOTTOM OF THE 1ST |
|
Cincinnati (NYP) Reds batting - Pitching for Brooklyn Cyclones : LHP Brad Guffin
|
|
Pitching: LHP Brad Guffin
|
|
|
Batting: RHB Jon Marquez
|
0-0: Called Strike 0-1: Swinging Strike 0-2: Ball 1-2: Foul Ball, location: 2F 1-2: Fly out, F8 (Flyball, 8LXD, EV 108.1 MPH)
|
|
Batting: RHB Cyd Carver
|
0-0: Foul Ball, location: 2F 0-1: Ball 1-1: Ball 2-1: Foul Ball, location: 2F 2-2: Ball 3-2: Foul Ball, location: 2F 3-2: Foul Ball, location: 2F 3-2: Foul Ball, location: 2F 3-2: Foul Ball, location: 2F 3-2: Ground out 3-1 (Groundball, 34, EV 104.4 MPH)
|
|
Batting: RHB Randy Grewe
|
0-0: Called Strike 0-1: SINGLE (Line Drive, 8LS, EV 90.6 MPH)
|
|
Batting: RHB David Clough
|
0-0: Ball 1-0: Called Strike 1-1: Ball 2-1: Swinging Strike 2-2: Fielders Choice at 2nd, 5-4 (Groundball, 56, EV 82.5 MPH)
|
| Bottom of the 1st over - 0 runs, 1 hit, 0 errors, 1 left on base; Brooklyn 0 - Cincinnati (NYP) 0 |
| TOP OF THE 2ND |
|
Brooklyn Cyclones batting - Pitching for Cincinnati (NYP) Reds : RHP Jaime Kijowski
|
|
Batting: LHB Miguel Ramos
|
0-0: Ball 1-0: Swinging Strike 1-1: Foul Ball, location: 2F 1-2: Ball 2-2: Ball 3-2: Foul Ball, location: 2F 3-2: Ground out 5-3 (Groundball, 56, EV 89.4 MPH)
|
|
Batting: RHB Victor Reyes
|
0-0: Ball 1-0: Fly out, F9 (Flyball, 9, EV 92.5 MPH)
|
|
Batting: SHB Ryan Brown
|
0-0: Called Strike 0-1: Ball 1-1: Ball 2-1: Called Strike 2-2: Strikes out swinging
|
| Top of the 2nd over - 0 runs, 0 hits, 0 errors, 0 left on base; Brooklyn 0 - Cincinnati (NYP) 0 |
| BOTTOM OF THE 2ND |
|
Cincinnati (NYP) Reds batting - Pitching for Brooklyn Cyclones : LHP Brad Guffin
|
|
Batting: LHB Brian Dickeson
|
0-0: Foul Ball, location: 2F 0-1: Ball 1-1: Ball 2-1: Fly out, F8 (Flyball, 8LM, EV 90.0 MPH)
|
|
Batting: RHB Chris Christaldi
|
0-0: Ball 1-0: Ball 2-0: Ball 3-0: Base on Balls
|
|
Batting: SHB Cesar Pelayo
|
0-0: Ball 1-0: Called Strike 1-1: Ball 2-1: Ball 3-1: Called Strike 3-2: Fly out, F7 (Flyball, 78D, EV 104.4 MPH)
|
|
Batting: RHB R.J. Romberg
|
0-0: Ball 1-0: Foul Ball, location: 2F 1-1: Foul Ball, location: 2F 1-2: Strikes out looking
|
| Bottom of the 2nd over - 0 runs, 0 hits, 0 errors, 1 left on base; Brooklyn 0 - Cincinnati (NYP) 0 |
| TOP OF THE 3RD |
|
Brooklyn Cyclones batting - Pitching for Cincinnati (NYP) Reds : RHP Jaime Kijowski
|
|
Batting: RHB Tom Primmer
|
0-0: Swinging Strike 0-1: Swinging Strike 0-2: Foul Ball, location: 2F 0-2: Strikes out swinging
|
|
Batting: RHB Roberto Delgado
|
0-0: Called Strike 0-1: Ball 1-1: Called Strike 1-2: Strikes out swinging
|
|
Batting: SHB Duri Chilemba
|
0-0: Foul Ball, location: 2F 0-1: Called Strike 0-2: Ball 1-2: Ball 2-2: Ground out 1-3 (Groundball, 13S, EV 66.9 MPH)
|
| Top of the 3rd over - 0 runs, 0 hits, 0 errors, 0 left on base; Brooklyn 0 - Cincinnati (NYP) 0 |
| BOTTOM OF THE 3RD |
|
Cincinnati (NYP) Reds batting - Pitching for Brooklyn Cyclones : LHP Brad Guffin
|
|
Batting: LHB Akira Yamano
|
0-0: Ball 1-0: Ball 2-0: Ball 3-0: Base on Balls
|
|
Batting: RHB Jon Marquez
|
0-0: Ball 1-0: Fly out, F4 (Popup, 3D, EV 58.1 MPH)
|
|
Batting: RHB Cyd Carver
|
0-0: Swinging Strike 0-1: Ball 1-1: Ball 2-1: TRIPLE (Line Drive, 89XD, EV 103.8 MPH) Akira Yamano scores
|
|
Batting: RHB Randy Grewe
|
0-0: SINGLE (Groundball, 3D, EV 106.9 MPH) Cyd Carver scores
|
|
Batting: RHB David Clough
|
0-0: Ball 1-0: Foul Ball, location: 2F 1-1: Ball 2-1: Ball 3-1: Swinging Strike 3-2: Ground out 5-3 (Groundball, 56S, EV 83.8 MPH) Randy Grewe to second
|
|
Batting: LHB Brian Dickeson
|
0-0: Ball 1-0: Foul Ball, location: 2F 1-1: Called Strike Randy Grewe steals 3rd base 1-2: Ball 2-2: Ball 3-2: Ground out 4-3 (Groundball, 34, EV 110.0 MPH)
|
| Bottom of the 3rd over - 2 runs, 2 hits, 0 errors, 1 left on base; Brooklyn 0 - Cincinnati (NYP) 2 |
| TOP OF THE 4TH |
|
Brooklyn Cyclones batting - Pitching for Cincinnati (NYP) Reds : RHP Jaime Kijowski
|
|
Batting: LHB Elmo Dreier
|
0-0: Called Strike 0-1: Foul Ball, location: 2F 0-2: Ball 1-2: Strikes out swinging
|
|
Batting: SHB Callum Lynch
|
0-0: Ball 1-0: Swinging Strike 1-1: Foul Ball, location: 2F 1-2: Foul Ball, location: 2F 1-2: Ball 2-2: Ball 3-2: Ground out 4-3 (Groundball, 4, EV 90.0 MPH)
|
|
Batting: RHB Ryan Marler
|
0-0: Foul Ball, location: 2F 0-1: Foul Ball, location: 2F 0-2: Hit by Pitch
|
|
Batting: LHB Miguel Ramos
|
0-0: Ball 1-0: SINGLE (Groundball, 34, EV 96.9 MPH) Ryan Marler to second Runner from 2nd tries for 3rd, SAFE, throw by RF made to third
|
|
Batting: RHB Victor Reyes
|
0-0: Ball 1-0: Ball 2-0: Fielders Choice at 2nd, 5-4 (Groundball, 5, EV 88.8 MPH)
|
| Top of the 4th over - 0 runs, 1 hit, 0 errors, 2 left on base; Brooklyn 0 - Cincinnati (NYP) 2 |
| BOTTOM OF THE 4TH |
|
Cincinnati (NYP) Reds batting - Pitching for Brooklyn Cyclones : LHP Brad Guffin
|
|
Batting: RHB Chris Christaldi
|
0-0: Foul Ball, location: 2F 0-1: Ball 1-1: Ground out 4-3 (Groundball, 4, EV 90.6 MPH)
|
|
Batting: SHB Cesar Pelayo
|
0-0: Called Strike 0-1: Ball 1-1: Foul Ball, location: 2F 1-2: SOLO HOME RUN (Flyball, 78XD, EV 110.6 MPH), Distance : 446 ft
|
|
Batting: RHB R.J. Romberg
|
0-0: Foul Ball, location: 2F 0-1: Foul Ball, location: 2F 0-2: Foul Ball, location: 2F 0-2: Foul Ball, location: 2F 0-2: Ball 1-2: Ground out 2-3 (Groundball, 2L, EV 62.5 MPH)
|
|
Pitching: LHP Matt Allert
|
|
|
Batting: LHB Akira Yamano
|
0-0: Ball 1-0: Ground out 6-3 (Groundball, P, EV 85.0 MPH)
|
| Bottom of the 4th over - 1 run, 1 hit, 0 errors, 0 left on base; Brooklyn 0 - Cincinnati (NYP) 3 |
| TOP OF THE 5TH |
|
Brooklyn Cyclones batting - Pitching for Cincinnati (NYP) Reds : RHP Jaime Kijowski
|
|
Batting: SHB Ryan Brown
|
0-0: Swinging Strike 0-1: Ball 1-1: Fly out, F2 (Popup, 2RF, EV 82.5 MPH)
|
|
Pitching: LHP Jeff Wall
|
|
|
Batting: RHB Tom Primmer
|
0-0: Swinging Strike 0-1: Foul Ball, location: 2F 0-2: Ball 1-2: Strikes out swinging
|
|
Batting: RHB Roberto Delgado
|
0-0: Ball 1-0: Ball 2-0: Ball 3-0: Swinging Strike 3-1: Foul Ball, location: 2F 3-2: Strikes out swinging
|
| Top of the 5th over - 0 runs, 0 hits, 0 errors, 0 left on base; Brooklyn 0 - Cincinnati (NYP) 3 |
| BOTTOM OF THE 5TH |
|
Cincinnati (NYP) Reds batting - Pitching for Brooklyn Cyclones : LHP Matt Allert
|
|
Batting: RHB Jon Marquez
|
0-0: Fly out, F7 (Flyball, 7LMF, EV 87.5 MPH)
|
|
Batting: RHB Cyd Carver
|
0-0: Called Strike 0-1: Ball 1-1: Fly out, F9 (Flyball, 9D, EV 83.8 MPH)
|
|
Batting: RHB Randy Grewe
|
0-0: Called Strike 0-1: Called Strike 0-2: Strikes out swinging
|
| Bottom of the 5th over - 0 runs, 0 hits, 0 errors, 0 left on base; Brooklyn 0 - Cincinnati (NYP) 3 |
| TOP OF THE 6TH |
|
Brooklyn Cyclones batting - Pitching for Cincinnati (NYP) Reds : LHP Jeff Wall
|
|
Batting: SHB Duri Chilemba
|
0-0: Swinging Strike 0-1: Ball 1-1: Ground out 1-3 (Groundball, 15S, EV 70.6 MPH)
|
|
Pinch Hitting: RHB Frank Shaw
|
0-0: Ball 1-0: SINGLE (Groundball, 6MD, EV 93.8 MPH)
|
|
Batting: SHB Callum Lynch
|
0-0: Ball 1-0: Called Strike 1-1: Swinging Strike 1-2: Strikes out swinging
|
|
Batting: RHB Ryan Marler
|
0-0: SINGLE (Line Drive, 8RS, EV 107.5 MPH) Frank Shaw to second
|
|
Batting: LHB Miguel Ramos
|
0-0: Called Strike 0-1: Called Strike 0-2: Foul Ball, location: 2F 0-2: Strikes out swinging
|
| Top of the 6th over - 0 runs, 2 hits, 0 errors, 2 left on base; Brooklyn 0 - Cincinnati (NYP) 3 |
| BOTTOM OF THE 6TH |
|
Cincinnati (NYP) Reds batting - Pitching for Brooklyn Cyclones : LHP Matt Allert
|
|
Now at 2B: Matt Tittle
|
|
|
Now at SS: Victor Reyes
|
|
|
Batting: RHB David Clough
|
0-0: Ball 1-0: Ground out U3 (Groundball, 3S, EV 89.4 MPH)
|
|
Batting: LHB Brian Dickeson
|
0-0: Ball 1-0: Foul Ball, location: 2F 1-1: Called Strike 1-2: Strikes out looking
|
|
Batting: RHB Chris Christaldi
|
0-0: Ball 1-0: Ball 2-0: TRIPLE (Line Drive, 78XD, EV 100.0 MPH)
|
|
Batting: SHB Cesar Pelayo
|
0-0: Foul Ball, location: 2F 0-1: Ball 1-1: SINGLE (Line Drive, 78S, EV 110.6 MPH) Chris Christaldi scores
|
|
Batting: RHB R.J. Romberg
|
0-0: Called Strike 0-1: Swinging Strike 0-2: Strikes out looking
|
| Bottom of the 6th over - 1 run, 2 hits, 0 errors, 1 left on base; Brooklyn 0 - Cincinnati (NYP) 4 |
| TOP OF THE 7TH |
|
Brooklyn Cyclones batting - Pitching for Cincinnati (NYP) Reds : LHP Jeff Wall
|
|
Batting: RHB Victor Reyes
|
0-0: Called Strike 0-1: Ball 1-1: Ground out 4-3 (Groundball, 4, EV 91.2 MPH)
|
|
Batting: SHB Ryan Brown
|
0-0: Called Strike 0-1: Ball 1-1: Foul Ball, location: 2F 1-2: Strikes out swinging
|
|
Batting: RHB Tom Primmer
|
0-0: Ball 1-0: Ball 2-0: Called Strike 2-1: Ground out 4-3 (Groundball, 4, EV 81.2 MPH)
|
| Top of the 7th over - 0 runs, 0 hits, 0 errors, 0 left on base; Brooklyn 0 - Cincinnati (NYP) 4 |
| BOTTOM OF THE 7TH |
|
Cincinnati (NYP) Reds batting - Pitching for Brooklyn Cyclones : LHP Matt Allert
|
|
Batting: LHB Akira Yamano
|
0-0: Called Strike 0-1: Foul Ball, location: 2F 0-2: Strikes out swinging
|
|
Batting: RHB Jon Marquez
|
0-0: Ball 1-0: Ball 2-0: Foul Ball, location: 2F 2-1: Fly out, F8 (Flyball, 8LD, EV 96.9 MPH)
|
|
Batting: RHB Cyd Carver
|
0-0: Ball 1-0: Foul Ball, location: 2F 1-1: Reached on error, E4 (Groundball, 4, EV 89.4 MPH)
|
|
Batting: RHB Randy Grewe
|
0-0: Called Strike 0-1: Ball 1-1: Ball Cyd Carver steals 2nd base 2-1: Foul Ball, location: 2F 2-2: SINGLE (Groundball, 4MS, EV 70.0 MPH) (infield hit) Cyd Carver to third
|
|
Batting: RHB David Clough
|
0-0: Called Strike 0-1: Ball 1-1: Called Strike Randy Grewe is caught stealing 2nd base 2-4
|
| Bottom of the 7th over - 0 runs, 1 hit, 1 error, 1 left on base; Brooklyn 0 - Cincinnati (NYP) 4 |
| TOP OF THE 8TH |
|
Brooklyn Cyclones batting - Pitching for Cincinnati (NYP) Reds : LHP Jeff Wall
|
|
Batting: RHB Roberto Delgado
|
0-0: TRIPLE (Line Drive, 89XD, EV 106.9 MPH)
|
|
Pinch Hitting: RHB Jayden Copeland
|
0-0: Ball 1-0: Called Strike Balk! Roberto Delgado scores 1-1: Swinging Strike 1-2: Strikes out looking
|
|
Batting: RHB Matt Tittle
|
0-0: Ball 1-0: Foul Ball, location: 2F 1-1: Ball 2-1: Ball 3-1: Base on Balls
|
|
Pitching: RHP Calisto Morda
|
|
|
Batting: SHB Callum Lynch
|
0-0: Ball 1-0: Foul Ball, location: 2F 1-1: Swinging Strike 1-2: Ball 2-2: Strikes out swinging
|
|
Batting: RHB Ryan Marler
|
0-0: Swinging Strike 0-1: Called Strike 0-2: Ball 1-2: Strikes out swinging
|
| Top of the 8th over - 1 run, 1 hit, 0 errors, 1 left on base; Brooklyn 1 - Cincinnati (NYP) 4 |
| BOTTOM OF THE 8TH |
|
Cincinnati (NYP) Reds batting - Pitching for Brooklyn Cyclones : LHP Matt Allert
|
|
Pitching: RHP Brett Cooke
|
|
|
Now at 3B: Trent Hood
|
|
|
Batting: RHB David Clough
|
0-0: Called Strike 0-1: Ball 1-1: SINGLE (Line Drive, 56D, EV 95.6 MPH)
|
|
Batting: LHB Brian Dickeson
|
0-0: Fielders Choice at 2nd, 5-4 (Groundball, 5, EV 83.1 MPH)
|
|
Batting: RHB Chris Christaldi
|
0-0: Called Strike 0-1: Foul Ball, location: 2F 0-2: Ball 1-2: Ball 2-2: Ball 3-2: Foul Ball, location: 2F 3-2: Strikes out swinging
|
|
Batting: SHB Cesar Pelayo
|
0-0: Foul Ball, location: 2F 0-1: Foul Ball, location: 2F 0-2: Ball 1-2: Ground out 4-3 (Groundball, 34, EV 106.9 MPH)
|
| Bottom of the 8th over - 0 runs, 1 hit, 0 errors, 1 left on base; Brooklyn 1 - Cincinnati (NYP) 4 |
| TOP OF THE 9TH |
|
Brooklyn Cyclones batting - Pitching for Cincinnati (NYP) Reds : RHP Calisto Morda
|
|
Pitching: RHP Josh Pugh
|
|
|
Batting: LHB Miguel Ramos
|
0-0: Called Strike 0-1: Swinging Strike 0-2: Strikes out swinging
|
|
Batting: RHB Victor Reyes
|
0-0: Ball 1-0: Ground out 6-3 (Groundball, 6, EV 86.9 MPH)
|
|
Batting: SHB Ryan Brown
|
0-0: Foul Ball, location: 2F 0-1: Ball 1-1: Called Strike 1-2: Ball 2-2: Strikes out swinging
|
| Top of the 9th over - 0 runs, 0 hits, 0 errors, 0 left on base; Brooklyn 1 - Cincinnati (NYP) 4 |
|